 Dungeon Crawl Stone Soup version 0.29-a0-557-g43b9904bd1 (webtiles) character file.

Game seed: 6017780794231446610

9 DocClef the Covert (level 2, 0/29 HPs)
             Began as a Gnoll Delver on June 8, 2022.
             Was an Initiate of Okawaru.
             Slain by a goblin
             ... wielding a +0 spear
              (1 damage)
             ... on level 7 of the Dungeon.
             The game lasted 00:00:51 (427 turns).

DocClef the Covert (Gnoll Delver)                    Turns: 427, Time: 00:00:52

Health: 0/29       AC:  3    Str: 11    XL:     2   Next: 12%
Magic:  2/2        EV: 13    Int:  9    God:    Okawaru [......]
Gold:   0          SH:  0    Dex: 13    Spells: 1/1 levels left

rFire   . . .      SeeInvis .   a - +0 short sword
rCold   . . .      Faith    .   (no shield)
rNeg    . . .      Spirit   .   b - +0 leather armour
rPois   .          Reflect  .   (no helmet)
rElec   .          Harm     .   (no cloak)
rCorr   .          Rampage  .   (no gloves)
Will    .....                   (no boots)
Stlth   ++++......              (no amulet)
HPRegen 0.09/turn               (no ring)
MPRegen 0.08/turn               (no ring)

@: no status effects
A: fangs 1, strong nose, distributed training
a: Renounce Religion


You were on level 7 of the Dungeon.
You worshipped Okawaru.
Okawaru was noncommittal.
You visited 2 branches of the dungeon, and saw 4 of its levels.

Inventory:

Hand Weapons
 a - a +0 short sword (weapon)
Armour
 b - a +0 leather armour (worn)
Wands
 g - a wand of digging (3)
Scrolls
 c - a scroll of fog
 e - a scroll of fear
Potions
 f - a potion of haste


   Skills:
 + Level 6.4 Fighting
 + Level 4.4 Short Blades
 + Level 0.3 Long Blades
 + Level 0.3 Axes
 + Level 0.3 Maces & Flails
 + Level 0.3 Polearms
 + Level 0.3 Staves
 + Level 0.3 Slings
 + Level 0.3 Bows
 + Level 0.3 Crossbows
 + Level 0.3 Throwing
 + Level 0.3 Armour
 + Level 4.4 Dodging
 + Level 9.5 Stealth
 + Level 0.3 Shields
 + Level 0.3 Unarmed Combat
 + Level 0.3 Spellcasting
 + Level 0.2 Conjurations
 + Level 0.2 Hexes
 + Level 0.2 Summonings
 + Level 0.2 Necromancy
 + Level 0.2 Translocations
 + Level 0.2 Transmutations
 + Level 0.2 Fire Magic
 + Level 0.2 Ice Magic
 + Level 0.2 Air Magic
 + Level 0.2 Earth Magic
 + Level 0.2 Poison Magic
 + Level 0.4 Invocations
 + Level 0.3 Evocations


You had one spell level left.
You didn't know any spells.
Your spell library was empty.

Dungeon Overview and Level Annotations

Branches:
Dungeon (7/15)             Temple (1/1) D:5

Altars:
Cheibriados
Dithmenos
Elyvilon
Gozag
Kikubaaqudgha
Makhleb
Nemelex Xobeh
Okawaru
Ru
Trog
Vehumet
Wu Jian
Yredelemnul
Zin

Portals:
Bailey: D:7

Annotations:
D:6 Pikel


Innate Abilities, Weirdness & Mutations

You have very sharp teeth.
Your uncanny sense of smell can sniff out nearby items.
Your experience applies equally to all skills.


Message History

A goblin comes into view. It is wielding a +0 spear.
Found a flagged portal.
The centaur shouts!
You hear a shout! x2
The centaur wields a +0 shortbow.
The centaur shoots an arrow.
The arrow hits you!
A goblin comes into view. It is wielding a +0 spear. x2
The goblin shouts!
The centaur unwields a +0 shortbow.
The centaur hits you but does no damage.
The centaur barely misses you.
The goblin shouts!
You hit the centaur but do no damage. The centaur completely misses you.
The centaur misses you.
You hit the centaur.
The centaur is lightly wounded.
The centaur hits you.
The centaur kicks you but does no damage.
A necrophage comes into view.
You hit the centaur but do no damage. You bite the centaur, but do no damage.
The centaur is lightly wounded.
The centaur hits you. The centaur barely misses you.
The centaur hits you but does no damage.
The centaur kicks you but does no damage.
You hit the centaur but do no damage. You bite the centaur, but do no damage.
The centaur is lightly wounded.
The centaur closely misses you. x2
You hit the centaur.
The centaur is moderately wounded.
The centaur hits you.
* * * LOW HITPOINT WARNING * * *
The centaur closely misses you.
Unknown command.
You hit the centaur.
The centaur is moderately wounded.
The centaur hits you but does no damage.
The centaur closely misses you.
The goblin hits you from afar with a +0 spear.
* * * LOW HITPOINT WARNING * * *
The goblin hits you from afar with a +0 spear.
You die...

,,,*
*,*,*,*,,,,,,#############.#
**,*
*,*,*,******,#..............
*,* *,*,*,*
*,#.############# *,*
*,*,,,******,#.#,* *,*
*,*,,,,,,,,,,#.#,* *,*
*,*,*#########.#,* *,*
*,*,*#.........#,* *,*
*,*,*#.#....####,* *,*
*,*,**,#...@#***,* *,*
*,,,*#.'.g.c...#,* *,*
*,*,*###..g.##.#,* *,*
*,,,,,.n...#.*,#,* *,*
*,,≈≈≈≈≈.#.*.,,*,*** *,*
*,,≈.>g≈g#.*.#,,,,,* *,*
**,≈.∩.≈.#.*.#,*,*,* *,*
**,≈...≈,..*.#,*,*,* *,*
*,,≈≈≈≈≈,,,*,*,*,*,*


You could see a necrophage, a centaur and 4 goblins.

Vanquished Creatures
  An adder (D:6)
1 creature vanquished.

Notes
Turn   | Place    | Note
-------+----------+-------------------------------------------
     0 | D:5      | Reached skill level 9 in Stealth
     0 | D:5      | DocClef the Gnoll Delver began the quest for the Orb.
     0 | D:5      | Reached XP level 1. HP: 23/23 MP: 1/1
     0 | D:5      | Found a staircase to the Ecumenical Temple.
     6 | Temple   | Entered the Ecumenical Temple
   236 | Temple   | Became a worshipper of Warmaster Okawaru
   279 | D:6      | Reached XP level 2. HP: 19/29 MP: 2/2
   386 | D:6      | Noticed Pikel
   386 | D:6      | Noticed a lemure
   419 | D:7      | Noticed a centaur
   420 | D:7      | Found a flagged portal.
   423 | D:7      | Noticed a necrophage
   427 | D:7      | HP: 1/29 [goblin/+0 spear (3)]
   427 | D:7      | Slain by a goblin

Illustrated notes

Levels and vault maps discovered:
D:5:      layout_loops_ring, mainiacjoe_overflow_big_doors,
          minmay_temple_entry_from_below_a
D:6:      layout_basic, mainiacjoe_overflow_alcove_2, uniq_pikel, uniq_edmund
D:7:      layout_basic, enter_bailey_5, nicolae_shop_self_help, uniq_duvessa
Temple:   dpeg_chambers_temple

Skill      XL: | |
---------------+-+-----
Stealth        | |  9.5
Fighting       | |  6.4
Short Blades   | |  4.4
Long Blades    | |  0.3
Axes           | |  0.3
Maces & Flails | |  0.3
Polearms       | |  0.3
Staves         | |  0.3
Slings         | |  0.3
Bows           | |  0.3
Crossbows      | |  0.3
Throwing       | |  0.3
Armour         | |  0.3
Dodging        | |  4.4
Shields        | |  0.3
Unarmed Combat | |  0.3
Spellcasting   | |  0.3
Conjurations   | |  0.2
Hexes          | |  0.2
Summonings     | |  0.2
Necromancy     | |  0.2
Translocations | |  0.2
Transmutations | |  0.2
Fire Magic     | |  0.2
Ice Magic      | |  0.2
Air Magic      | |  0.2
Earth Magic    | |  0.2
Poison Magic   | |  0.2
Invocations    | |  0.4
Evocations     | |  0.3

Action                   || total
-------------------------++-------
Melee: Short sword       ||    15
       Bite              ||     2
  Use: Scroll            ||     1
Armor: Leather armour    ||     5
Dodge: Dodged            ||    15

Table legend: (Time is in decaauts)
 A = Elapsed time spent in this place.
 B = Non-inter-level travel time spent in this place.
 C = Inter-level travel time spent in this place.
 D = Time resting spent in this place.
 E = Time spent auto-exploring this place.
 F = Levels seen in this place.
 G = Mean time per level.
                   A        B        C        D        E       F      G
               +--------+--------+--------+--------+--------+-----+--------+
         Total |    425 |    383 |     42 |    106 |    201 |   4 |  106.2 |
       Dungeon |    181 |    177 |      4 |    106 |     10 |   3 |   60.3 |
        Temple |    243 |    205 |     38 |      0 |    191 |   1 |  243.0 |
               +--------+--------+--------+--------+--------+-----+--------+

Top non-repeatable levels by time:
  Temple: 243 daAuts
     D:6: 138 daAuts
     D:7: 30 daAuts
     D:5: 12 daAuts
